 Dungeon Sprint DCSS version 0.23.2-1-ga50397a (webtiles) character file.

Game seed: 10829093925109346114

52 doot the Thaumaturge (level 3, -1/19 HPs)
             Began as a Deep Elf Wizard on May 5, 2019.
             Was an Initiate of Vehumet.
             Slain by a deep elf mage
             ... wielding a +2 long sword of holy wrath
              (8 damage)
             ... in the Dungeon (Sprint III: "The Ten Rune Challenge").
             The game lasted 00:03:40 (854 turns).

doot the Thaumaturge (Deep Elf Wizard)               Turns: 854, Time: 00:03:40

Health: -1/19      AC:  2    Str:  4    XL:     3   Next: 60%
Magic:  0/15       EV: 13    Int: 25    God:    Vehumet [......]
Gold:   20         SH:  0    Dex: 13    Spells: 5/19 levels left

rFire    . . .     SeeInvis .     - Unarmed
rCold    + + .     Gourm    .   (no shield)
rNeg     . . .     Faith    .   a - +0 robe
rPois    .         Spirit   .   b - +0 hat
rElec    .         Reflect  .   (no cloak)
rCorr    .         Harm     .   (no gloves)
MR       .....     NoTele   +   (no boots)
Stlth    ++........             (no amulet)
HPRegen  0.06/turn              (no ring)
MPRegen  0.14/turn              (no ring)

@: flying, very slightly contaminated
A: antennae 1, clever 1, cold resistance 2, MP-powered wands
a: Renounce Religion


You were in the Dungeon.
You worshipped Vehumet.
Vehumet was noncommittal.
You were not hungry.

You visited 1 branch You collected 20 gold pieces.

Inventory:

Missiles
 k - 24 arrows
Armour
 a - a +0 robe (worn)
 b - a +0 hat (worn)
Scrolls
 i - a scroll of torment {unknown}
 j - a scroll of blinking
 l - 4 scrolls of identify
 m - a scroll of immolation {unknown}
 n - a scroll of remove curse {unknown}
Potions
 c - 2 potions of mutation
 e - a potion of curing
 f - 2 potions of heal wounds
 g - a potion of haste
 h - 2 potions of magic
Comestibles
 d - 3 rations


   Skills:
 + Level 3.5 Dodging
 + Level 3.3 Stealth
 + Level 1.0 Unarmed Combat
 + Level 8.6 Spellcasting
 + Level 1.9 Conjurations
 + Level 2.7 Summonings
 + Level 1.2 Translocations


You had 5 spell levels left.
You knew the following spells:

 Your Spells              Type           Power        Failure   Level  Hunger
a - Magic Dart            Conj           ###.         2%          1    None
b - Blink                 Tloc           N/A          5%          2    None
c - Call Imp              Summ           ###.....     2%          2    None
d - Slow                  Hex            ##......     9%          2    None
e - Conjure Flame         Conj/Fire      ###.....     12%         3    None
f - Mephitic Cloud        Conj/Pois/Air  ##......     13%         3    None
g - Animate Skeleton      Necr           N/A          5%          1    None

Your spell library contained the following spells:

 Spells                   Type           Power        Failure   Level  Hunger
 Summon Small Mammal      Summ           ###.         1%          1    None
 Apportation              Tloc           ###...       3%          1    None
 Confusing Touch          Hex            ##....       5%          1    None


Dungeon Overview and Level Annotations

Branches:
Dungeon (1/1)

Altars:
Elyvilon
Kikubaaqudgha
Sif Muna
Vehumet
Zin
The Shining One


Innate Abilities, Weirdness & Mutations

You have a pair of small antennae on your head.
Your mind is acute. (Int +2)
Your flesh is very cold resistant. (rC++)
You expend magic power (3 MP) to strengthen your wands.


Message History

The deep elf mage barely misses something.
Your white imp hits the deep elf mage.
Your white imp freezes the deep elf mage.
The deep elf mage hits your white imp with a +2 long sword of holy wrath!
Your white imp convulses.
Your white imp is killed!
It was a potion of flight.
You feel very buoyant.
You fly up into the air.
Unknown command.
Press < or > to pray at altars.
Casting: Call Imp (safe; 2% risk of failure)
Confirm with . or Enter, or press ? or * to list all spells.
Aiming: Magic Dart (safe; 2% risk of failure)
Press: ? - help, Shift-Dir - straight line, f - deep elf mage
Aim: a deep elf mage, wielding a +2 long sword of holy wrath (lightly wounded, confused)
The magic dart hits the deep elf mage.
The deep elf mage is moderately wounded.
The deep elf mage hits you with a +2 long sword of holy wrath!
You die...

#.....÷.#..#..#...#
##.##...#..#..###'#+###+##
##.###..##'#..#..........#
###.##..###...+.⌠Ee......#
#..##..####.E.#..Z######+#
÷..##..###....#.⌠.#{
..##...##.....#)..#
.##....#......#e###
###..##.#.....#○@.# # #..
####....#___# ▓ ▓▓▓
▓▓▓▓▓▓▓▓▓▓


You could see a deep elf mage (confused).

Vanquished Creatures
  A wizard (D)
  A human (D)
  A phantom (D)
  4 rats (D)
7 creatures vanquished.

Vanquished Creatures (collateral kills)
  A kobold demonologist (D)
1 creature vanquished.

Vanquished Creatures (others)
  2 draconian scorchers (D)
  6 hellions (D)
  A yaktaur (D)
  2 plants (D)
11 creatures vanquished.

Grand Total: 19 creatures vanquished

Notes
Turn   | Place    | Note
-------+----------+-------------------------------------------
     0 | D        | doot the Deep Elf Wizard began the quest for the Orb.
     0 | D        | Reached XP level 1. HP: 10/10 MP: 7/7
     8 | D        | Reached skill level 5 in Spellcasting
   100 | D        | Killed a hellion
   105 | D        | Killed a hellion
   131 | D        | Reached skill level 7 in Spellcasting
   131 | D        | Reached XP level 2. HP: 7/15 MP: 6/12
   159 | D        | Killed a white draconian scorcher
   159 | D        | Killed a white draconian scorcher
   163 | D        | Learned a level 2 spell: Blink
   163 | D        | Killed a hellion
   164 | D        | Killed a hellion
   166 | D        | Learned a level 2 spell: Call Imp
   169 | D        | Learned a level 2 spell: Slow
   175 | D        | Killed a hellion
   183 | D        | Killed a yaktaur
   190 | D        | Killed a hellion
   380 | D        | Gained mutation: You tend to lose your temper in combat.
                  | [potion of mutation]
   380 | D        | Gained mutation: You have large cloven feet. [potion of
                  | mutation]
   380 | D        | Gained mutation: You can translocate small distances at
                  | will. [potion of mutation]
   380 | D        | Gained mutation: Your flesh is cold resistant. (rC+)
                  | [potion of mutation]
   381 | D        | Lost mutation: You tend to lose your temper in combat.
                  | [potion of mutation]
   381 | D        | Lost mutation: You have large cloven feet. [potion of
                  | mutation]
   381 | D        | Lost mutation: You can translocate small distances at will.
                  | [potion of mutation]
   381 | D        | Gained mutation: You tend to lose your temper in combat.
                  | [potion of mutation]
   381 | D        | Gained mutation: You occasionally shout uncontrollably at
                  | your foes. [potion of mutation]
   381 | D        | Gained mutation: You expend magic power (3 MP) to
                  | strengthen your wands. [potion of mutation]
   382 | D        | Lost mutation: You tend to lose your temper in combat.
                  | [potion of mutation]
   382 | D        | Lost mutation: You occasionally shout uncontrollably at
                  | your foes. [potion of mutation]
   382 | D        | Gained mutation: Your flesh is very cold resistant. (rC++)
                  | [potion of mutation]
   382 | D        | Gained mutation: You have a pair of small antennae on your
                  | head. [potion of mutation]
   382 | D        | Gained mutation: Your mind is acute. (Int +2) [potion of
                  | mutation]
   482 | D        | Noticed a water elemental
   701 | D        | Found a radiant altar of Vehumet.
   702 | D        | Found a deep blue altar of Sif Muna.
   702 | D        | Noticed a wizard
   703 | D        | Noticed a kobold demonologist
   707 | D        | Killed a wizard
   707 | D        | Reached skill level 8 in Spellcasting
   707 | D        | Reached XP level 3. HP: 19/19 MP: 1/14
   714 | D        | Reached skill level 1 in Unarmed Combat
   716 | D        | Found an ancient bone altar of Kikubaaqudgha.
   726 | D        | Became a worshipper of Vehumet
   751 | D        | Learned a level 3 spell: Conjure Flame
   755 | D        | Learned a level 3 spell: Mephitic Cloud
   757 | D        | Learned a level 1 spell: Animate Skeleton
   823 | D        | Found a glowing silver altar of Zin.
   823 | D        | Found a glowing golden altar of the Shining One.
   823 | D        | Found a white marble altar of Elyvilon.
   823 | D        | Noticed a deep elf mage
   830 | D        | Noticed an earth elemental
   839 | D        | Noticed an earth elemental
   854 | D        | Slain by a deep elf mage

Skill      XL: |  1  2  3 |
---------------+----------+-----
Spellcasting   | 7 8 |  8.6
Dodging        | 3 |  3.5
Stealth        | 3 |  3.3
Summonings     | 2 |  2.7
Unarmed Combat | 1 |  1.0
Conjurations   | |  1.9
Translocations | |  1.2

Action                   || total
-------------------------++-------
Melee: Unarmed           ||    20
 Cast: Magic Dart        ||    21
       Call Imp          ||    17
       Blink             ||     2
       Mephitic Cloud    ||     3
       Conjure Flame     ||     1
       Animate Skeleton  ||     1
  Use: Potion            ||     5
Armor: Robe              ||     1
Dodge: Dodged            ||    16
